 Dungeon Crawl Stone Soup version 0.28.0-1-gb440e238dd (webtiles) character file.

Game seed: 12347046327332817515

49 croobank the Firebug (level 3, -2/26 HPs)
             Began as a Draconian Fire Elementalist on Feb 21, 2022.
             Slain by Natasha (6 damage)
             ... on level 2 of the Dungeon.
             The game lasted 00:04:16 (1603 turns).

croobank the Firebug (Draconian Fire Elementalist)  Turns: 1603, Time: 00:04:16

Health: -2/26      AC:  0    Str: 10    XL:     3   Next: 51%
Magic:  6/6        EV: 14    Int: 17    God:
Gold:   70         SH:  0    Dex: 11    Spells: 3/6 levels left

rFire   . . .      SeeInvis .   (weapon currently unavailable)
rCold   . . .      Faith    .   (shield currently unavailable)
rNeg    . . .      Spirit   .   (armour unavailable)
rPois   .          Reflect  .   (helmet currently unavailable)
rElec   .          Harm     .   (cloak currently unavailable)
rCorr   .          Rampage  .   (gloves currently unavailable)
Will    .....                   (boots currently unavailable)
Stlth   ++........              (no amulet)
HPRegen 0.08/turn               (ring currently unavailable)
MPRegen 0.10/turn               (ring currently unavailable)

@: mighty, pig-form (expiring), hasted and slowed, very quick
A: fast, no casting, AC +5, small, unfitting armour, (cold-blooded)
a: no special abilities


You were on level 2 of the Dungeon.
You were a filthy swine.
You visited 1 branch of the dungeon, and saw 2 of its levels.

You collected 70 gold pieces.

Inventory:

Hand Weapons
 h - a +0 short sword
 j - a +2 whip of distortion (melded)
Missiles
 e - 25 arrows
 i - 28 stones
Jewellery
 a - a ring of poison resistance
 b - the ring of Uravif {Fly rElec rN+ SInv Stlth+}
   (You acquired it on level 2 of the Dungeon)

   [ring of flight]

   rElec:     It insulates you from electricity.
   rN:        It protects you from negative energy.
   SInv:      It lets you see invisible.
   Fly:       It grants you flight.
   Stlth:     It makes you more stealthy.
Scrolls
 g - a scroll of brand weapon {unknown}
Potions
 d - a potion of haste


   Skills:
 + Level 2.2 Dodging
 + Level 2.3 Stealth
 + Level 2.3 Spellcasting
 + Level 1.7 Conjurations
 + Level 3.3 Fire Magic


You had 3 spell levels left.
You knew the following spells:

 Your Spells              Type           Power      Damage    Failure   Level
a - Foxfire               Conj/Fire      40%        2x1d6     7%          1
b - Scorch                Fire           26%        2d6       7%          2

Your spell library contained the following spells:

 Spells                   Type           Power      Damage    Failure   Level
 Conjure Flame            Conj/Fire      10%        6-21      21%         3
 Inner Flame              Hex/Fire       7%         N/A       28%         3
 Flame Wave               Conj/Fire      10%        2d5       54%         4


Dungeon Overview and Level Annotations

Branches:
Dungeon (2/15)

Altars:

Annotations:
D:2 Natasha


Innate Abilities, Weirdness & Mutations

You are a filthy swine.
You move quickly.
Your equipment is almost entirely melded.
You are incapable of wielding weapons or throwing items.
You cannot cast spells.
((Your plain brown scales are hard. (AC +5)))
You cannot fit into any form of body armour.
((You are cold-blooded and may be slowed by cold attacks.))


Message History

b - the ring of Uravif {Fly rElec rN+ SInv Stlth+} You can't do that in your present form.
Bite: -) Teeth
Press: ? - help, Dir - move target, f - you
Okay, then.
You aren't carrying any items that you can evoke.
Unknown command.
Bite: -) Teeth
Press: ? - help, Dir - move target, f - you That would be overly suicidal.
Okay, then.
You closely miss Natasha. Natasha claws you!
You closely miss Natasha. Natasha claws you.
You hit Natasha but do no damage. Natasha closely misses you.
It was a potion of haste.
You feel yourself speed up.
Natasha stares at you and mumbles some strange words.
The magic dart hits you!
You barely miss Natasha. Natasha completely misses you.
You closely miss Natasha. You hit Natasha.
Natasha is lightly wounded.
Natasha casts a spell at you.
You feel yourself slow down.
You barely miss Natasha.
Natasha is lightly wounded.
Natasha casts a spell.
It was a potion of might.
You feel very mighty all of a sudden.
Your transformation is almost over.
Natasha mewls in sadness.
Natasha closely misses you. The crimson imp hits you.
You barely miss Natasha.
Natasha is lightly wounded.
Natasha claws you.
* * * LOW HITPOINT WARNING * * *
You barely miss Natasha.
Natasha is lightly wounded.
The crimson imp hits you.
* * * LOW HITPOINT WARNING * * *
Natasha claws you.
You die...

##########
#....#.#.#########...
####...#.##......'...
#.###.##.######...
##.....##.###.#<###
+..........†)......
###.#.###.###...### #.
+..................
##...###.......#########
......hh######.#
..(...5.# # ........#
#####.... #.... #.....
#..... #......


You could see Natasha and a crimson imp (summoned).

Vanquished Creatures
  A gnoll (D:1)
  An adder (D:2)
  A worm (D:2)
  A dart slug (D:1)
  3 endoplasms (D:1)
  A goblin (D:1)
  4 hobgoblins
  4 quokkas (D:1)
  3 ball pythons (D:1)
  A frilled lizard (D:1)
  4 kobolds
  A rat (D:2)
25 creatures vanquished.

Vanquished Creatures (collateral kills)
  A foxfire (D:1)
1 creature vanquished.

Vanquished Creatures (others)
  54 foxfires
  A plant (D:1)
55 creatures vanquished.

Grand Total: 81 creatures vanquished

Notes
Turn   | Place    | Note
-------+----------+-------------------------------------------
     0 | D:1      | croobank the Draconian Fire Elementalist began the quest
                  | for the Orb.
     0 | D:1      | Reached XP level 1. HP: 14/14 MP: 3/3
   297 | D:1      | Reached XP level 2. HP: 9/20 MP: 0/5
   944 | D:1      | Reached XP level 3. HP: 26/26 MP: 3/6
  1402 | D:2      | Learned a level 2 spell: Scorch
  1588 | D:2      | Noticed Natasha
  1590 | D:2      | Identified a scroll of acquirement
  1590 | D:2      | Acquired the ring of Uravif {Fly rElec rN+ SInv Stlth+}
  1603 | D:2      | Slain by Natasha

Illustrated notes

Levels and vault maps discovered:
D:1:      dpeg_arrival_orchard, layout_loops_corners, serial_forest,
          infiniplex_forest_clump_small, infiniplex_forest_lined_3_way,
          infiniplex_forest_clump_curved, infiniplex_forest_pool,
          infiniplex_forest_lined_room_3, infiniplex_forest_straight_4,
          infiniplex_forest_clump_double
D:2:      layout_basic, uniq_natasha

Skill      XL: |  1 |
---------------+----+-----
Dodging        | 2 |  2.2
Stealth        | 2 |  2.3
Spellcasting   | |  2.3
Conjurations   | |  1.7
Fire Magic     | |  3.3

Action                   || total
-------------------------++-------
Melee: Unarmed           ||    15
       Tailslap          ||     2
       Whip              ||     7
 Cast: Foxfire           ||    33
  Use: Scroll            ||     2
       Potion            ||     2
Dodge: Dodged            ||     9
